 Dungeon Crawl Stone Soup version 0.18.1-6-gd335043 (webtiles) character file.

1478 lightmor the Grappler (level 8, -9/39 HPs)
             Began as a Vine Stalker Monk on May 18, 2016.
             Was an Elder of Makhleb.
             Mangled by an orc warrior
             ... wielding a +0 war axe
              (23 damage)
             ... on level 7 of the Dungeon.
             The game lasted 00:12:34 (4489 turns).

lightmor the Grappler (Vine Stalker Monk)           Turns: 4489, Time: 00:12:34

Health: -9/39      AC:  4    Str: 17    XL:     8   Next: 79%
Magic:  0/9        EV: 13    Int: 10    God:    Makhleb [****..]
Gold:   247        SH:  0    Dex: 16    Spells: 0 memorised, 7 levels left

rFire  . . .     SeeInvis .       - Unarmed
rCold  . . .     Gourm    .     a - +0 robe
rNeg   . . .     Faith    .     (no shield)
rPois  .         Spirit   +     (no helmet)
rElec  .         Dismiss  +     k - +0 cloak
rCorr  .         Reflect  .     (no gloves)
SustAt .         Harm     .     i - +0 pair of boots
MR     +....                    h - amulet of dismissal
Stlth  ++........               (no ring)
                                (no ring)

@: somewhat resistant to hostile enchantments, unstealthy
A: fangs 3, regeneration 2, magic shield, antimagic bite, no device heal 3, rot
immunity
a: Minor Destruction, Lesser Servant of Makhleb, Major Destruction, Renounce
Religion


You were on level 7 of the Dungeon.
You worshipped Makhleb.
Makhleb was greatly pleased with you.
You were not hungry.

You visited 1 branch of the dungeon, and saw 7 of its levels.

You collected 247 gold pieces.

Inventory:

Armour
 a - a +0 robe (worn)
 i - a +0 pair of boots (worn)
 k - a +0 cloak (worn)
 n - a +2 large shield
Jewellery
 h - an amulet of dismissal (around neck)
Scrolls
 e - 2 scrolls of magic mapping
 g - 2 scrolls of remove curse
 j - 2 scrolls of fog
 l - a scroll of enchant armour
 q - 2 scrolls of fear
 s - 2 scrolls of teleportation
 u - a scroll of blinking
Potions
 c - 2 potions of resistance
 d - a potion of curing {unknown}
 o - a potion of brilliance
 t - 2 potions of agility {unknown}
Comestibles
 b - 2 bread rations
 f - a slice of pizza
 m - 3 fruits
 p - a chunk of flesh


   Skills:
 + Level 2.9 Fighting
 + Level 2.6 Dodging
 - Level 2.4 Stealth
 * Level 11.1 Unarmed Combat


You had 7 spell levels left.
You didn't know any spells.

Dungeon Overview and Level Annotations

Branches:
Dungeon (7/15)             Temple (0/1) D:5

Altars:
Dithmenos
Elyvilon
Makhleb
Okawaru
Qazlal
Ru
Xom

Shops:
D:4 =


Innate Abilities, Weirdness & Mutations

You have razor-sharp teeth.
You heal very quickly.
When hurt, damage is shared between your health and your magic reserves.
Your bite disrupts and absorbs the magic of your enemies.
Potions and wands cannot restore your health.
You are immune to rotting.


Message History

Read which item? (? for menu, Esc to quit)
Okay, then.
You hit the orc warrior but do no damage.
The orc warrior is moderately wounded.
You closely miss the orc warrior. You punch the orc warrior!
Your bite misses the orc warrior.
The orc warrior is heavily wounded.
The orc warrior closely misses you.
You closely miss the orc warrior.
You bite the orc warrior, but do no damage.
The orc warrior is heavily wounded.
The orc warrior completely misses you.
You hit the orc warrior. You bite the orc warrior. You drain its power.
You feel invigorated.
The orc warrior is severely wounded.
You barely miss the orc warrior.
The orc warrior is severely wounded.
The orc warrior hits you with a war axe!!
Ouch! That really hurt!
You die...

. ...
#######.....
#...@o.....$
#..#####.....
... ### .


You could see an orc warrior.

Vanquished Creatures
  The ghost of DEFE the Spear-Bearer, a novice MfSk of Yredelemnul (D:5)
  A water moccasin (D:5)
  A sky beast (D:6)
  Blork the orc (D:4)
  A big kobold (D:5)
  A scorpion (D:5)
  A howler monkey (D:4)
  A crimson imp (D:6)
  2 giant frog zombies
  An orc wizard (D:4)
  4 iguanas
  Ijyb (D:3)
  4 worker ants
  2 hound zombies (D:5)
  2 hound skeletons
  5 adders
  6 gnolls
  An ooze (D:5)
  2 worms
  3 dart slugs (D:2)
  7 giant geckos
  11 orcs
  4 ball pythons
  5 giant cockroaches
  8 goblins
  8 hobgoblins
  9 jackals
  10 kobolds
  3 quokkas
  15 bats
  A giant gecko skeleton (D:4)
  2 giant newts (D:2)
  A jackal skeleton (D:5)
  A quokka zombie (D:5)
  5 rats
131 creatures vanquished.

Notes
Turn   | Place    | Note
--------------------------------------------------------------
     0 | D:1      | lightmor the Vine Stalker Monk began the quest for the Orb.
     0 | D:1      | Reached XP level 1. HP: 11/11 MP: 2/2
    99 | D:1      | Reached XP level 2. HP: 16/16 MP: 3/3
   176 | D:1      | Reached XP level 3. HP: 19/19 MP: 4/4
   332 | D:1      | Reached skill level 5 in Unarmed Combat
   785 | D:2      | Reached XP level 4. HP: 23/23 MP: 5/5
   911 | D:2      | Found a burning altar of Makhleb.
   911 | D:2      | Noticed a blizzard demon
   914 | D:2      | Noticed a smoke demon
   914 | D:2      | Noticed a ynoxinul
   916 | D:2      | Became a worshipper of Makhleb the Destroyer
   916 | D:2      | Reached * piety under Makhleb
   916 | D:2      | Reached ** piety under Makhleb
  1289 | D:2      | Found a faded altar to an unknown god.
  1324 | D:3      | Noticed Ijyb
  1335 | D:3      | Killed Ijyb
  1335 | D:3      | Reached skill level 6 in Unarmed Combat
  1351 | D:3      | Reached XP level 5. HP: 27/27 MP: 6/6
  1503 | D:3      | Found a stormy altar of Qazlal.
  1594 | D:3      | Found a shadowy altar of Dithmenos.
  1847 | D:3      | Found a white marble altar of Elyvilon.
  1852 | D:3      | Reached *** piety under Makhleb
  1974 | D:3      | Reached skill level 7 in Unarmed Combat
  1974 | D:3      | Gained mutation: You heal very quickly. [Vine Stalker growth]
  1974 | D:3      | Reached XP level 6. HP: 18/32 MP: 5/7
  2149 | D:4      | Found Cionikim's Jewellery Emporium.
  2163 | D:4      | Found a stormy altar of Qazlal.
  2165 | D:4      | Noticed an air elemental
  2166 | D:4      | Noticed a water elemental
  2166 | D:4      | Noticed a fire elemental
  2193 | D:4      | Noticed Blork the orc
  2204 | D:4      | Killed Blork the orc
  2551 | D:4      | Found an iron altar of Okawaru.
  2774 | D:4      | Reached skill level 8 in Unarmed Combat
  2909 | D:5      | Entered Level 5 of the Dungeon
  2926 | D:5      | Reached XP level 7. HP: 28/35 MP: 6/8
  3012 | D:5      | Found a staircase to the Ecumenical Temple.
  3148 | D:5      | Noticed DEFE's ghost (novice MfSk)
  3303 | D:5      | Found a sacrificial altar of Ru.
  3325 | D:5      | Reached **** piety under Makhleb
  3325 | D:5      | Reached skill level 9 in Unarmed Combat
  3556 | D:5      | Killed DEFE's ghost
  3556 | D:5      | Reached skill level 10 in Unarmed Combat
  3556 | D:5      | Gained mutation: You have razor-sharp teeth. [Vine Stalker growth]
  3556 | D:5      | Reached XP level 8. HP: 22/39 MP: 4/9
  4265 | D:6      | Found a shimmering altar of Xom.
  4334 | D:6      | Reached skill level 11 in Unarmed Combat
  4489 | D:7      | Mangled by an orc warrior

Skill      XL: |  1  2  3  4  5  6  7  8 |
---------------+-------------------------+-----
Unarmed Combat | 5 6 7 8 10 11 | 11.1
Fighting       | |  2.9
Dodging        | |  2.6
Stealth        | |  2.4

Action                   |  1- 3 |  4- 6 |  7- 9 || total
-------------------------+-------+-------+-------++-------
Melee: Unarmed           |    88 |   221 |   112 ||   421
       Bite              |    26 |    64 |    37 ||   127
       Punch             |     1 |     8 |     6 ||    15
Invok: Major Destruction |       |       |     1 ||     1
  Use: Scroll            |     2 |    13 |     1 ||    16
       Potion            |       |     1 |     1 ||     2
 Stab: Sleeping          |     6 |     8 |     5 ||    19
  Eat: Chunk             |       |     7 |     6 ||    13
Armor: Robe              |    14 |    43 |    10 ||    67
Dodge: Dodged            |    53 |   131 |    56 ||   240
